 Dungeon Crawl Stone Soup version 0.27-a0-419-g7a85846853 (webtiles) character file.

Game seed: 12479511059082653793

3 Chiseanne the Bolt Thrower (level 1, 0/14 HPs)
             Began as a Demonspawn Wanderer on Feb 26, 2021.
             Slain by a hobgoblin (2 damage)
             ... on level 1 of the Dungeon.
             The game lasted 00:00:21 (62 turns).

Chiseanne the Bolt Thrower (Demonspawn Wanderer)      Turns: 62, Time: 00:00:22

Health: 0/14       AC:  3    Str: 11    XL:     1   Next: 41%
Magic:  1/1        EV: 11    Int: 13    God:
Gold:   8          SH:  0    Dex: 13    Spells: 0/0 levels left

rFire    . . .     SeeInvis .   a - +2 dagger
rCold    . . .     Faith    .   (no shield)
rNeg     . . .     Spirit   .   g - +0 leather armour
rPois    .         Reflect  .   (no helmet)
rElec    .         Harm     .   (no cloak)
rCorr    .         Rampage  .   (no gloves)
Will     .....                  (no boots)
Stlth    ++........             (no amulet)
HPRegen  0.04/turn              (no ring)
MPRegen  0.07/turn              (no ring)

@: no status effects
A: no striking features
a: no special abilities


You were on level 1 of the Dungeon.
You visited 1 branch of the dungeon, and saw 1 of its levels.

You collected 8 gold pieces.

Inventory:

Hand Weapons
 a - a +2 dagger (weapon)
 c - a +0 hand crossbow
Missiles
 d - 23 bolts
Armour
 g - a +0 leather armour (worn)
Scrolls
 b - a scroll of fear
Potions
 e - a potion of lignification


   Skills:
 * Level 0.4 Fighting
 - Level 1.0 Short Blades
 - Level 2.6 Crossbows
 + Level 1.8 Armour
 * Level 1.1 Dodging
 - Level 1.7 Stealth
 - Level 1.0 Shields


You couldn't memorise any spells.
You didn't know any spells.
Your spell library was empty.

Dungeon Overview and Level Annotations

Branches:
Dungeon (1/15)

Altars:


Message History

You are too injured to fight recklessly!
You are too injured to fight recklessly!
You are too injured to fight recklessly!
You are too injured to fight recklessly!
You are too injured to fight recklessly!
You are too injured to fight recklessly!
You are too injured to fight recklessly!
You are too injured to fight recklessly!
You are too injured to fight recklessly!
You are too injured to fight recklessly!
You are too injured to fight recklessly!
The bat barely misses you. x2
The bat hits you.
Found a robe.
The bat barely misses you.
A hobgoblin comes into view.
The hobgoblin shouts!
You hear an angry hiss.
The bat hits you. The bat hits you but does no damage.
You hit the bat.
You kill the bat!
You hit the kobold but do no damage. The kobold closely misses you.
You closely miss the kobold.
A giant cockroach comes into view.
The kobold hits you with a +0 whip.
* * * LOW HITPOINT WARNING * * *
The giant cockroach moves out of view.
You hit the kobold.
You kill the kobold!
Things that are here:
a +0 whip; a stone; a kobold corpse The hobgoblin misses you.
Things that are here:
a +0 whip; a stone; a kobold corpse You hit the hobgoblin but do no damage.
The hobgoblin barely misses you.
You closely miss the hobgoblin. The hobgoblin closely misses you.
You hit the hobgoblin but do no damage. The hobgoblin barely misses you.
You closely miss the hobgoblin. The hobgoblin closely misses you.
You closely miss the hobgoblin. The hobgoblin misses you.
You closely miss the hobgoblin. The hobgoblin hits you.
You die...

#...........#
.#...........#
.............# .#
#............# .#
#............# .#
##............##.#
.......†..........
.....#####......#######
....>..g@..............
..[#######......##
#......# # #......##
.## ###.......##..#
#...[.........#
###.........###
#.........# #...8.8...#


You could see a hobgoblin.

Vanquished Creatures
  A bat (D:1)
  A frilled lizard (D:1)
  2 kobolds (D:1)
4 creatures vanquished.

Notes
Turn   | Place    | Note
-------+----------+-------------------------------------------
     0 | D:1      | Chiseanne the Demonspawn Wanderer began the quest for the
                  | Orb.
     0 | D:1      | Chiseanne set off with the following items: a +2 dagger, a
                  | scroll of fear, a +0 hand crossbow, 23 bolts, a potion of
                  | lignification, a +0 robe
     0 | D:1      | Reached XP level 1. HP: 13/13 MP: 1/1
    62 | D:1      | Slain by a hobgoblin

Illustrated notes

Levels and vault maps discovered:
D:1:      mrwooster_arrival_statue, layout_basic

Action                   || total
-------------------------++-------
Melee: Dagger            ||    18
Armor: Leather armour    ||     6
Dodge: Dodged            ||    17

Table legend: (Time is in decaauts)
 A = Elapsed time spent in this place.
 B = Non-inter-level travel time spent in this place.
 C = Inter-level travel time spent in this place.
 D = Time resting spent in this place.
 E = Time spent auto-exploring this place.
 F = Levels seen in this place.
 G = Mean time per level.
                   A        B        C        D        E       F      G
               +--------+--------+--------+--------+--------+-----+--------+
         Total |     61 |     61 |      0 |      0 |     11 |   1 |   61.0 |
       Dungeon |     61 |     61 |      0 |      0 |     11 |   1 |   61.0 |
               +--------+--------+--------+--------+--------+-----+--------+

Top non-repeatable levels by time:
     D:1: 61 daAuts
